 Dungeon Crawl Stone Soup version 0.20-a0-208-g55166f7 (webtiles) character file.

12408 KristoblXynda the Basher (level 11, -2/82 HPs)
             Began as a Pale Draconian Monk on Nov 25, 2016.
             Was a High Priest of Dithmenos.
             Slain by a hell rat (7 damage)
             ... on level 1 of the Lair of Beasts.
             The game lasted 00:43:23 (14886 turns).

KristoblXynda the Basher (Pale Draconian Monk)     Turns: 14886, Time: 00:43:23

Health: -2/82      AC: 14    Str: 15    XL:     11   Next: 62%
Magic:  0/5        EV: 13    Int: 12    God:    Dithmenos [*****.]
Gold:   610        SH:  9    Dex: 14    Spells: 13/16 levels left

rFire  . . .     SeeInvis +     s - +0 demon whip (antimagic)
rCold  . . .     Gourm    .     (armour unavailable)
rNeg   . . .     Faith    .     l - +0 shield
rPois  .         Spirit   +     F - +2 hat {SInv}
rElec  .         Reflect  .     q - +0 cloak
rCorr  .         Harm     .     e - +2 pair of gloves
MR     .....                    d - +0 pair of boots
Stlth  +++++.....               h - amulet of guardian spirit
                                (no ring)
                                (no ring)

@: short of breath, wreathed by umbra, heavily drained
A: breathe steam, unfitting armour, cold-blooded, AC +7
a: Breathe Steam, Shadow Step, Shadow Form, Renounce Religion


You were on level 1 of the Lair of Beasts.
You worshipped Dithmenos.
Dithmenos was extremely pleased with you.
You were not hungry.

You visited 3 branches of the dungeon, and saw 12 of its levels.

You collected 610 gold pieces.

Inventory:

Hand Weapons
 s - a +0 antimagic demon whip (weapon)
Armour
 d - a +0 pair of boots (worn)
 e - a +2 pair of gloves (worn)
 l - a +0 shield (worn)
 q - a +0 cloak (worn)
 F - a +2 hat of see invisible (worn)
Jewellery
 f - an uncursed ring of ice
 h - an amulet of guardian spirit (around neck)
Wands
 v - a wand of acid (6/15)
Scrolls
 b - a scroll of amnesia
 c - 7 scrolls of remove curse
 i - 3 scrolls of blinking
 n - 5 scrolls of identify
 t - a scroll of fog
 y - a scroll of fear
 C - 2 scrolls of recharging
Potions
 g - a potion of cure mutation
 m - a potion of curing
 o - a potion of haste
 p - a potion of flight
 z - 4 potions of brilliance
Comestibles
 a - 8 bread rations
 k - 14 royal jellies
 x - 3 meat rations


   Skills:
 - Level 3.2(2.0) Fighting
   Level 1.8(0.6) Short Blades
 + Level 9.1(7.7) Maces & Flails
 + Level 7.8(6.4) Dodging
 - Level 7.0(5.7) Stealth
 + Level 5.1(3.8) Shields
 - Level 5.5(4.2) Unarmed Combat
 - Level 3.3(2.1) Spellcasting
 - Level 4.8(3.5) Hexes
 - Level 7.5(6.2) Invocations
 + Level 3.6(2.4) Evocations


You had 13 spell levels left.
You knew the following spells:

 Your Spells              Type           Power        Failure   Level  Hunger
a - Confuse               Hex            #.......     80%         3    ####...


Dungeon Overview and Level Annotations

Branches:
Dungeon (10/15)            Temple (1/1) D:5            Lair (1/6) D:9
    Orc (0/2) D:10

Altars:
Ashenzari
Cheibriados
Dithmenos
Elyvilon
Fedhas
Gozag
Hepliaklqana
Kikubaaqudgha
Makhleb
Nemelex Xobeh
Okawaru
Qazlal
Ru
Sif Muna
Trog
Uskayaw
Vehumet
Xom
Yredelemnul
Zin
The Shining One

Shops:
D:5 (

Annotations:
D:4 murphy's ghost, amateur DDFi
D:10 Iwannabefree's ghost, novice NaIE


Innate Abilities, Weirdness & Mutations

You can breathe blasts of scalding, opaque steam.
Your pale cyan-grey scales are hard. (AC +7)
You cannot fit into any form of body armour.
You are cold-blooded and may be slowed by cold attacks.


Message History

The river rat bites you but does no damage.
You hit the river rat but do no damage. You tail-slap the river rat.
The river rat is heavily wounded.
You barely miss the hell rat. You block the river rat's attack.
The hell rat bites you!
* * * LOW HITPOINT WARNING * * *
You feel drained.
* * * LOW HITPOINT WARNING * * *
A river rat comes into view.
You hit the hell rat but do no damage. You closely miss the hell rat.
The hell rat bites you but does no damage.
The river rat barely misses you.
Unknown command.
You closely miss the hell rat. The hell rat misses you.
The river rat misses you.
You barely miss the hell rat. The hell rat bites you!
* * * LOW HITPOINT WARNING * * *
You feel drained.
You die... r

.# * # r* . ####.# * #. .##.#.. *
** #.##..#.# #.#...# * * ##.r..#
#### #.#.#.# #..# #.#r# .# #..#
#@r## .# #≈.## ###†###### #≈.P###
############# ##†##..≈# #≈.###.
#...........####†###..≈###≈.....
##............##.#.##..≈##≈≈.....
#....P#......##.#.###..≈###≈..##.
.....>#......###.## #..≈≈≈≈≈..##.
.............# #.####........###.
............####.#......#...###..


You could see a hell rat and 2 river rats.

Vanquished Creatures
  Fannar (Lair:1)
  A hydra (Lair:1)
  Erica (D:8)
  A hill giant (D:10)
  Psyche (D:8)
  2 komodo dragons (Lair:1)
  A troll (D:9)
  A queen bee (Lair:1)
  A two-headed ogre (D:10)
  A hippogriff (D:10)
  A spriggan (D:8)
  A wraith (D:10)
  A basilisk (Lair:1)
  5 yaks
  Eustachio (D:6)
  Grum (D:9)
  A hungry ghost (D:9)
  3 water moccasins (Lair:1)
  4 orc warriors
  An eye of draining (D:8)
  2 ice beasts
  2 phantoms (D:7)
  4 sky beasts
  2 wolves (D:9)
  5 ogres
  3 centaurs
  A big kobold (D:9)
  Blork the orc (D:5)
  7 bullfrogs
  A gnoll sergeant (D:4)
  2 wyvern skeletons
  3 scorpions
  41 killer bees
  5 howler monkeys
  3 crimson imps
  A bullfrog zombie (D:5)
  7 hounds
  2 bullfrog skeletons
  8 orc priests
  Crazy Yiuf (D:7)
  A centaur skeleton (D:5)
  6 orc wizards
  6 iguanas
  4 worker ants
  7 hell rats (Lair:1)
  2 killer bee zombies
  7 gnolls
  14 adders
  4 river rats (Lair:1)
  3 shadow imps (D:9)
  An ooze (D:1)
  2 adder skeletons
  An adder zombie (D:6)
  2 worms
  6 dart slugs
  7 leopard geckos
  42 orcs
  7 giant cockroaches
  9 goblins
  3 hobgoblins
  8 jackals
  10 quokkas
  2 ball pythons
  8 bats
  8 frilled lizards
  A hobgoblin zombie (D:9)
  12 kobolds
  A kobold zombie (D:9)
  2 leopard gecko skeletons
  2 orc skeletons (D:9)
  An orc zombie (D:9)
  A quokka zombie (D:6)
  21 rats
342 creatures vanquished.

Vanquished Creatures (others)
  An orc wizard (D:8)
1 creature vanquished.

Grand Total: 343 creatures vanquished

Notes
Turn   | Place    | Note
-------+----------+-------------------------------------------
     0 | D:1      | KristoblXynda the Draconian Monk began the quest for the Orb.
     0 | D:1      | Reached XP level 1. HP: 19/19 MP: 1/1
   219 | D:1      | Reached XP level 2. HP: 26/26 MP: 2/2
   668 | D:1      | Reached XP level 3. HP: 18/31 MP: 3/3
  1367 | D:2      | Reached XP level 4. HP: 36/38 MP: 4/4
  1400 | D:2      | Found a sparkling altar of Nemelex Xobeh.
  2286 | D:3      | Reached XP level 5. HP: 19/45 MP: 3/5
  2992 | D:3      | Found a hide-covered altar of Uskayaw.
  3100 | D:4      | Noticed murphy's ghost (amateur DDFi)
  3183 | D:4      | Noticed an ogre
  3226 | D:4      | Killed an ogre
  3226 | D:4      | Reached skill level 5 in Unarmed Combat
  3226 | D:4      | Reached XP level 6. HP: 23/51 MP: 1/6
  3442 | D:4      | Gained mutation: You have a beak for a mouth. [potion of beneficial mutation]
  4106 | D:4      | Reached skill level 1 in Short Blades
  4106 | D:4      | Reached skill level 5 in Dodging
  4419 | D:4      | Your scales start taking on a pale cyan-grey colour.
  4419 | D:4      | Reached XP level 7. HP: 56/57 MP: 5/7
  5207 | D:4      | Reached skill level 1 in Maces & Flails
  5375 | D:5      | Entered Level 5 of the Dungeon
  5389 | D:5      | Found Zikiskec's Antique Weapon Boutique.
  5430 | D:5      | Found an opulent altar of Gozag.
  5482 | D:5      | Noticed Blork the orc
  5808 | D:5      | Killed Blork the orc
  5882 | D:5      | Found a staircase to the Ecumenical Temple.
  5891 | D:5      | Reached skill level 2 in Maces & Flails
  5903 | Temple   | Entered the Ecumenical Temple
  6141 | Temple   | Became a worshipper of Dithmenos the Shadowed
  6141 | Temple   | Reached * piety under Dithmenos
  6141 | Temple   | Reached ** piety under Dithmenos
  6200 | D:5      | Noticed a yak
  6209 | D:5      | Noticed a yak
  6210 | D:5      | Noticed a yak
  6240 | D:5      | Noticed a yak
  6241 | D:5      | Noticed a yak
  6250 | D:5      | Killed a yak
  6250 | D:5      | Reached skill level 1 in Invocations
  6261 | D:5      | Killed a yak
  6261 | D:5      | Reached skill level 3 in Maces & Flails
  6261 | D:5      | Reached XP level 8. HP: 15/63 MP: 9/9
  6506 | D:5      | Reached skill level 5 in Stealth
  6685 | D:5      | Found a snail-covered altar of Cheibriados.
  6685 | D:5      | Found a glowing silver altar of Zin.
  6690 | D:5      | Found a radiant altar of Vehumet.
  6692 | D:5      | Found a white marble altar of Elyvilon.
  6699 | D:5      | Found a hazy altar of Hepliaklqana.
  6760 | D:5      | Reached skill level 4 in Maces & Flails
  6787 | D:5      | Learned a level 3 spell: Confuse
  7255 | D:6      | Found a blossoming altar of Fedhas.
  7329 | D:6      | Noticed Eustachio
  7383 | D:6      | Killed Eustachio
  7383 | D:6      | Reached skill level 5 in Maces & Flails
  7383 | D:6      | Reached XP level 9. HP: 70/70 MP: 12/12
  7457 | D:6      | Reached skill level 5 in Invocations
  7647 | D:6      | Reached skill level 1 in Hexes
  8019 | D:6      | Gained mutation: You have sharp toenails. [mutagenic meat]
  8020 | D:6      | Gained mutation: You are dopey. (Int -2) [mutagenic meat]
  8021 | D:6      | Gained mutation: Your muscles are strong. (Str +2) [mutagenic meat]
  8252 | D:6      | Reached *** piety under Dithmenos
  8575 | D:7      | Found a runed door.
  8579 | D:7      | Noticed Crazy Yiuf
  8587 | D:7      | Killed Crazy Yiuf
  8632 | D:7      | Reached skill level 6 in Maces & Flails
  9167 | D:7      | Reached skill level 1 in Spellcasting
  9431 | D:8      | Reached XP level 10. HP: 53/77 MP: 13/15
  9449 | D:8      | Reached **** piety under Dithmenos
  9908 | D:8      | Reached skill level 7 in Maces & Flails
 10083 | D:8      | Noticed Erica
 10105 | D:8      | Killed Erica
 10677 | D:8      | Noticed Psyche
 10728 | D:8      | Killed Psyche
 10823 | D:9      | Gained mutation: You passively map a small area around you. [mutagenic meat]
 10824 | D:9      | Gained mutation: You are very dopey. (Int -4) [mutagenic meat]
 10825 | D:9      | Gained mutation: Scrolls take you a little longer to read. [mutagenic meat]
 10826 | D:9      | Lost mutation: Scrolls take you a little longer to read. [mutagenic meat]
 10920 | D:9      | Found a glowing golden altar of the Shining One.
 10971 | D:9      | Found a staircase to the Lair.
 10979 | D:9      | Identified 2 scrolls of acquirement
 11435 | D:9      | Reached skill level 1 in Shields
 11859 | D:9      | Reached ***** piety under Dithmenos
 11957 | D:9      | Noticed Grum
 11971 | D:9      | Killed Grum
 12430 | D:9      | Found an iron altar of Okawaru.
 12458 | D:10     | Entered Level 10 of the Dungeon
 12474 | D:10     | Reached skill level 8 in Maces & Flails
 12485 | D:10     | Noticed Iwannabefree's ghost (novice NaIE)
 13076 | D:10     | Reached XP level 11. HP: 79/82 MP: 5/16
 13269 | D:10     | Noticed a hill giant
 13287 | D:10     | Killed a hill giant
 13403 | Lair:1   | Entered Level 1 of the Lair of Beasts
 13637 | Lair:1   | Gained mutation: Your magical capacity is low. (-10% MP) [potion of mutation]
 13637 | Lair:1   | Gained mutation: You are occasionally teleported next to monsters. [potion of mutation]
 13644 | Lair:1   | Lost mutation: Your muscles are strong. (Str +2) [potion of cure mutation]
 13644 | Lair:1   | Lost mutation: You are very dopey. (Int -4) [potion of cure mutation]
 13644 | Lair:1   | Lost mutation: You have sharp toenails. [potion of cure mutation]
 13644 | Lair:1   | Lost mutation: You are dopey. (Int -2) [potion of cure mutation]
 13644 | Lair:1   | Lost mutation: You have a beak for a mouth. [potion of cure mutation]
 13645 | Lair:1   | Lost mutation: Your magical capacity is low. (-10% MP) [potion of cure mutation]
 13645 | Lair:1   | Lost mutation: You passively map a small area around you. [potion of cure mutation]
 13645 | Lair:1   | Lost mutation: You are occasionally teleported next to monsters. [potion of cure mutation]
 13731 | Lair:1   | Noticed Fannar
 13747 | Lair:1   | Killed Fannar
 13747 | Lair:1   | Reached skill level 1 in Evocations
 14813 | Lair:1   | Noticed an eight-headed hydra
 14830 | Lair:1   | Killed an eight-headed hydra
 14830 | Lair:1   | Reached skill level 9 in Maces & Flails
 14830 | Lair:1   | Reached skill level 5 in Shields
 14886 | Lair:1   | Slain by a hell rat

Vault maps used:
D:1:      onia_arrival_handbag
D:2:      first_bread, nemelex_xobeh_ov_fountains_minmay
D:3:      lemuel_crystal_altar, minmay_box_of_dots
D:5:      chequers_temple_overflow_minitemple, grunt_gozag_breadcrumbs,
          serial_shops, nicolae_shop_statue_plus, uniq_blork_the_orc
D:6:      fedhas_altar_3, uniq_eustachio
D:7:      uniq_crazy_yiuf_cottage
D:8:      the_bakery, uniq_erica, uniq_psyche
D:9:      kennysheep_mini, nicolae_tso_besieged_by_evil, lair_entry_dummy,
          uniq_grum
D:10:     david_orc_1_choice
Temple:   minmay_temple_curvy_loop
Lair:1:   lemuel_ratsnest, special_room, uniq_fannar

Skill      XL: |  1  2  3  4  5  6  7  8  9 10 11 |
---------------+----------------------------------+-----
Dodging        | 3 4 5 6 7 |  7.8
Unarmed Combat | 4 5 |  5.5
Stealth        | 2 4 6 7 |  7.0
Short Blades   | 1 |  1.8
Maces & Flails | 3 5 6 8 9 |  9.1
Invocations    | 2 4 6 7 |  7.5
Hexes          | 3 4 |  4.8
Spellcasting   | 1 3 |  3.3
Shields        | 3 5 |  5.1
Evocations     | 3 |  3.6
Fighting       | |  3.2

Action                   |  1- 3 |  4- 6 |  7- 9 | 10-12 || total
-------------------------+-------+-------+-------+-------++-------
Melee: Unarmed           |    15 |       |       |       ||    15
       Dagger            |   136 |   317 |       |       ||   453
       Tailslap          |    15 |    33 |    94 |    72 ||   214
       Punch             |       |     5 |    15 |     3 ||    23
       Peck              |       |    26 |    98 |    79 ||   203
       Whip              |       |     5 |   504 |   189 ||   698
       Kick              |       |       |    38 |    72 ||   110
       Demon whip        |       |       |       |   448 ||   448
 Cast: Confuse           |       |       |       |     2 ||     2
 Abil: Breathe Steam     |       |       |    10 |    29 ||    39
Evoke: Wand              |       |       |       |     2 ||     2
  Use: Scroll            |       |    14 |     9 |     5 ||    28
       Potion            |       |    10 |     1 |     6 ||    17
 Stab: Sleeping          |     7 |     4 |    13 |    16 ||    40
       Distracted        |       |       |     1 |     2 ||     3
       Confused          |       |       |       |     1 ||     1
  Eat: Chunk             |     1 |     4 |     9 |    10 ||    24
       Pizza             |       |     1 |     1 |     2 ||     4
       Royal jelly       |       |     1 |     2 |       ||     3
       Meat ration       |       |     1 |       |     2 ||     3
       Bread ration      |       |       |     1 |     1 ||     2
       Beef jerky        |       |       |     1 |       ||     1
Armor: Skin              |    47 |    84 |   107 |   154 ||   392
Dodge: Dodged            |    87 |   200 |   374 |   395 ||  1056
Block: Shield            |       |       |       |   203 ||   203
